 Dungeon Crawl Stone Soup version 0.29.1-1-gd02db6906a (webtiles) character file.

Game seed: 16976263854387627225

2625 sankara the Cleaver (level 9, -18/82 HPs)
             Began as a Minotaur Fighter on Oct 15, 2022.
             Was a Priest of Yredelemnul.
             Killed from afar by an oklob sapling (20 damage)
             ... with a splash of acid
             ... on level 8 of the Dungeon.
             The game lasted 00:12:10 (7675 turns).

sankara the Cleaver (Minotaur Fighter)              Turns: 7675, Time: 00:12:11

Health: -18/82     AC:  8    Str: 21    XL:     9   Next: 34%
Magic:  8/8        EV:  4    Int:  5    God:    Yredelemnul [***...]
Gold:   1389       SH:  5    Dex: 14    Spells: 8/8 levels left

rFire   . . .      SeeInvis .   a - +1 broad axe
rCold   . . .      Faith    +   c - +0 buckler
rNeg    . . .      Spirit   .   v - +0 chain mail
rPois   .          Reflect  .   (helmet restricted)
rElec   .          Harm     .   (no cloak)
rCorr   .          Rampage  .   J - +0 pair of gloves
Will    +....                   (no boots)
Stlth   ..........              m - amulet of faith
HPRegen 0.23/turn               o - ring of willpower
MPRegen 0.11/turn               N - +4 ring of protection

@: lethally poisoned (-18 -> -20), corroded, constricted, very slow
A: horns 2, retaliatory headbutt
a: Renounce Religion, Recall Undead Harvest, Dark Bargain


You were on level 8 of the Dungeon.
You worshipped Yredelemnul.
Yredelemnul was noncommittal.
You visited 1 branch of the dungeon, and saw 8 of its levels.

You collected 1389 gold pieces.

Inventory:

Hand Weapons
 a - a +1 broad axe (weapon)
 E - a +1 whip of holy wrath
 H - a +0 war axe
Missiles
 j - 23 poisoned darts (quivered)
 q - 79 stones
 s - a boomerang
 A - 2 silver javelins
 F - 2 throwing nets
 M - 3 javelins
Armour
 c - a +0 buckler (worn)
 v - a +0 chain mail (worn)
 J - a +0 pair of gloves (worn)
Jewellery
 h - an amulet of guardian spirit
 m - an amulet of faith (around neck)
 o - a ring of willpower (left hand)
 z - an amulet of reflection
 N - a +4 ring of protection (right hand)
Wands
 g - a wand of iceblast (8)
 D - a wand of paralysis (9)
Scrolls
 i - 2 scrolls of magic mapping
 k - 3 scrolls of enchant armour {unknown}
 l - 2 scrolls of teleportation
 p - a scroll of noise {unknown}
 t - a scroll of enchant weapon
 x - a scroll of brand weapon {unknown}
 y - a scroll of poison
 K - a scroll of identify
 L - a scroll of summoning {unknown}
Potions
 b - a potion of heal wounds
 d - a potion of might
 e - 3 potions of curing
 f - a potion of mutation
 n - 5 potions of flight
 r - a potion of invisibility {unknown}
 u - 4 potions of attraction {unknown}
 w - 2 potions of resistance {unknown}
 B - 4 potions of lignification {unknown}
 C - a potion of cancellation {unknown}
 G - a potion of ambrosia {unknown}
 I - 2 potions of brilliance {unknown}


   Skills:
 + Level 8.4 Fighting
 * Level 11.0 Axes
 + Level 8.4 Armour
 - Level 4.0 Shields


You had 8 spell levels left.
You didn't know any spells.
Your spell library contained the following spells:

 Spells                   Type           Power      Damage    Failure   Level
 Beastly Appendage        Tmut           0%         N/A       99%         1
 Sandblast                Erth           0%         2d4       99%         1
 Ensorcelled Hibernation  Hex/Ice        0%         N/A       100%        2
 Passwall                 Tmut/Erth      0%         N/A       100%        2
 Static Discharge         Conj/Air       0%         3-3/arc   100%        2
 Wereblood                Tmut           0%         N/A       100%        2
 Ozocubu's Armour         Ice            0%         N/A       100%        3
 Spider Form              Tmut/Pois      0%         N/A       100%        3
 Stone Arrow              Conj/Erth      0%         3d7       100%        3
 Summon Guardian Golem    Hex/Summ       0%         N/A       100%        3
 Swiftness                Air            0%         N/A       100%        3
 Dispel Undead            Necr           0%         3d6       100%        4
 Sticky Flame             Conj/Fire      0%         2d3       100%        4
 Orb of Destruction       Conj           0%         9d5       100%        7
 Ozocubu's Refrigeration  Ice            0%         4d7       100%        7
 Spellforged Servitor     Conj/Summ      0%         N/A       100%        7


Dungeon Overview and Level Annotations

Branches:
Dungeon (8/15)             Temple (0/1) D:7
   Lair: D:8-11

Altars:
Trog
Yredelemnul

Shops:
D:1 *

Annotations:
D:3 Sigmund
D:8 exclusion: oklob sapling


Innate Abilities, Weirdness & Mutations

You have a pair of horns on your head.
You reflexively headbutt those who attack you in melee.


Message History

The ball python grabs you. The ball python constricts you.
Your orc zombie hits the ball python.
Your kobold brigand zombie hits the plant.
Your orc zombie hits the plant.
The adder bites you but does no damage.
You hit the oklob sapling but do no damage.
The oklob sapling is almost destroyed.
You slash the adder! You slash the ball python!
You kill the ball python!
The dead are slithering!
You feel sick.
Your orc zombie splashes around in the water.
The adder bites you but does no damage. The oklob sapling spits acid at you.
The splash of acid hits you!!
* * * LOW HITPOINT WARNING * * *
The ball python bites you but does no damage.
You block the ball python's attack.
Your kobold brigand zombie hits the plant.
Your unstable footing causes you to fumble your attack.
You feel sick.
A nearby plant withers and dies.
The adder bites you.
* * * LOW HITPOINT WARNING * * *
Your orc zombie splashes around in the water.
The ball python bites you but does no damage.
The ball python grabs you. The ball python constricts you.
* * * LOW HITPOINT WARNING * * *
Your orc zombie splashes around in the water.
Your ball python zombie bites the oklob sapling but does no damage.
Your ball python zombie grabs the oklob sapling.
Your ball python zombie constricts the oklob sapling.
You hit the oklob sapling but do no damage.
The oklob sapling is almost destroyed.
You hit the adder.
You kill the adder!
You barely miss the ball python.
The dead are slithering!
* * * LOW HITPOINT WARNING * * *
You feel sick.
A nearby plant withers and dies.
The ball python barely misses you. The ball python constricts you.
The oklob sapling spits acid at you. The splash of acid hits you!!
You die...
Your body rises from the dead as a mindless zombie.

.ZZZZZZ..Z....#
....>##.<...#Z##### #
.....###...##Z#...#.#
.....# #.####ZZ.....#
.....# #.# ##Z...###
.....# #.# ##.####
##.#.# #.# #Z≈~Z# ###
#.#.# .# #≈~≈Z#!..#P#
#.Z≈@S≈≈..≈P
#P♣≈≈≈PZ≈≈..P
...♣♣♣♣♣♣~≈... ###♣
~≈≈.. ~≈.. ≈.[ ≈..


You could see an oklob sapling (ally target), a ball python, a friendly ball
python zombie, a friendly adder zombie, 2 friendly kobold zombies, a friendly
kobold brigand zombie, 3 friendly orc zombies and 2 friendly orc wizard zombies.

Vanquished Creatures
  Joseph (D:8)
  A hornet (D:7)
  3 water moccasins
  An ice beast (D:7)
  2 black bears
  2 ogres
  3 centaurs
  A kobold brigand (D:8)
  A bullfrog (D:8)
  2 necrophages
  Blork the orc (D:4)
  A scorpion (D:6)
  4 wights (D:8)
  6 orc priests
  Jessica (D:3)
  2 iguanas
  4 orc wizards
  10 gnolls
  6 adders
  A dart slug (D:1)
  29 orcs
  3 ball pythons
  4 endoplasms
  A giant cockroach (D:1)
  5 goblins
  8 hobgoblins
  5 jackals
  3 quokkas
  6 bats
  3 frilled lizards
  10 kobolds
  2 rats (D:1)
  A spectral orc (D:7)
133 creatures vanquished.

Vanquished Creatures (others)
  An orc wizard (D:7)
  An orc zombie (D:8)
  4 demonic plants (D:1)
  A fungus (D:1)
  8 plants
  5 withered plants (D:1)
20 creatures vanquished.

Grand Total: 153 creatures vanquished

Notes
Turn   | Place    | Note
-------+----------+-------------------------------------------
     0 | D:1      | sankara the Minotaur Fighter began the quest for the Orb.
     0 | D:1      | Reached XP level 1. HP: 19/19 MP: 0/0
    37 | D:1      | Found a faded altar of an unknown god.
   152 | D:1      | Reached XP level 2. HP: 27/27 MP: 1/1
   173 | D:1      | Reached skill level 3 in Axes
   444 | D:1      | Found Epaum's General Store.
   681 | D:2      | Reached XP level 3. HP: 30/33 MP: 2/2
  1396 | D:3      | Noticed Sigmund
  1403 | D:2      | HP: 1/33 [gnoll/+0 flail (1)]
  1818 | D:3      | Noticed Jessica
  1837 | D:3      | Killed Jessica
  1838 | D:3      | Reached skill level 4 in Axes
  1838 | D:3      | Reached XP level 4. HP: 26/41 MP: 1/3
  2143 | D:3      | Found a faded altar of an unknown god.
  2147 | D:3      | Found a bloodstained altar of Trog.
  2506 | D:4      | Reached XP level 5. HP: 7/47 MP: 2/4
  2797 | D:4      | Noticed a black bear
  2801 | D:4      | Killed a black bear
  2802 | D:4      | Reached skill level 5 in Fighting
  2802 | D:4      | Reached skill level 5 in Axes
  2839 | D:4      | Reached skill level 5 in Armour
  3026 | D:4      | Reached XP level 6. HP: 56/56 MP: 5/5
  3699 | D:4      | Noticed Blork the orc
  3704 | D:4      | Killed Blork the orc
  3705 | D:4      | Reached skill level 6 in Axes
  3982 | D:5      | Entered Level 5 of the Dungeon
  4041 | D:5      | Noticed a water moccasin
  4045 | D:5      | Reached XP level 7. HP: 54/62 MP: 6/6
  4047 | D:5      | Reached skill level 7 in Axes
  4854 | D:6      | Identified a scroll of acquirement
  4854 | D:6      | Acquired 995 gold pieces
  5001 | D:6      | Reached skill level 8 in Axes
  5123 | D:6      | Reached XP level 8. HP: 61/71 MP: 7/7
  5986 | D:7      | Noticed a hornet
  5987 | D:7      | Reached skill level 9 in Axes
  5994 | D:7      | Killed a hornet
  6009 | D:7      | Reached skill level 10 in Axes
  6402 | D:7      | Found a basalt altar of Yredelemnul.
  6423 | D:7      | Became a worshipper of Yredelemnul the Dark
  6524 | D:7      | Found a staircase to the Ecumenical Temple.
  6687 | D:8      | Noticed Joseph
  6708 | D:8      | Killed Joseph
  6709 | D:8      | Reached XP level 9. HP: 4/81 MP: 8/8
  6712 | D:8      | HP: 3/81 [orc priest/+0 club (2)]
  7177 | D:8      | Reached * piety under Yredelemnul
  7428 | D:8      | Reached ** piety under Yredelemnul
  7432 | D:8      | Reached skill level 11 in Axes
  7453 | D:8      | Reached *** piety under Yredelemnul
  7674 | D:8      | HP: 4/82 [adder (1)]
  7675 | D:8      | Killed from afar by an oklob sapling

Illustrated notes

Levels and vault maps discovered:
D:1:      lemuel_arrival_broad_hall, layout_rooms, shapermc_ecumenical_altar_gd,
          serial_shops, nicolae_shop_waterfront
D:2:      layout_loops_ring, eino_tiny_chamber, chequers_jeans
D:3:      layout_basic, nicolae_overflow_ecumenical_swirl, serial_bayou_pond_c,
          kennysheep_donut, minivault_26, uniq_jessica, uniq_sigmund
D:4:      layout_basic, serial_rivers, chequers_serial_rivers_small_3,
          chequers_serial_rivers_small_a, chequers_serial_rivers_micro_b,
          chequers_serial_rivers_large_a, chequers_serial_rivers_large_b,
          chequers_serial_rivers_micro_c, nicolae_grassy_gnolls,
          uniq_blork_the_orc
D:5:      layout_basic
D:6:      layout_loops_corners
D:7:      nicolae_BIG_FREAKIN_CUBE, layout_rooms,
          yredelemnul_forgotten_temple_becter,
          minmay_temple_entry_drinking_statues
D:8:      layout_loops_ring, introduction_to_nature_1, uniq_joseph

Skill      XL: |  1  2  3  4  5  6  7  8  9 |
---------------+----------------------------+-----
Axes           | 3 4 5 6 8 10 11 | 11.0
Armour         | 4 5 6 8 |  8.4
Fighting       | 4 5 6 8 |  8.4
Shields        | 4 |  4.0

Action                   |  1- 3 |  4- 6 |  7- 9 || total
-------------------------+-------+-------+-------++-------
Melee: War axe           |    68 |    70 |       ||   138
       Headbutt          |     8 |    12 |    35 ||    55
       Broad axe         |       |     3 |   169 ||   172
Throw: Dart              |     2 |       |       ||     2
  Use: Scroll            |       |       |    13 ||    13
       Potion            |       |       |     3 ||     3
Armor: Scale mail        |    17 |       |       ||    17
       Chain mail        |    19 |    37 |    75 ||   131
Dodge: Dodged            |    23 |    19 |    46 ||    88
Block: Buckler           |    15 |    17 |    65 ||    97
       Reflection        |       |       |     5 ||     5
